 Dungeon Crawl Stone Soup version 0.25-a0-346-g140ab784a8 (webtiles) character file.

Game seed: 3086599541401315889, levelgen mode: deterministic

72 BritishOli the Ducker (level 4, -7/34 HPs)
             Began as a Demonspawn Gladiator on Jan 1, 2020.
             Mangled by an ogre
             ... wielding a +0 giant spiked club
              (27 damage)
             ... on level 4 of the Dungeon.
             The game lasted 00:01:21 (1299 turns).

BritishOli the Ducker (Demonspawn Gladiator)        Turns: 1299, Time: 00:01:21

Health: -7/34      AC:  4    Str: 15    XL:     4   Next: 7%
Magic:  4/4        EV: 13    Int:  9    God:
Gold:   36         SH:  0    Dex: 15    Spells: 3/3 levels left

rFire    . . .     SeeInvis .   a - +0 long sword
rCold    . . .     Gourm    .   (no shield)
rNeg     . . .     Faith    .   b - +0 leather armour
rPois    .         Spirit   .   (helmet restricted)
rElec    .         Reflect  .   (no cloak)
rCorr    .         Harm     .   (no gloves)
MR       .....                  h - +0 pair of boots
Stlth    +.........             (no amulet)
HPRegen  0.11/turn              (no ring)
MPRegen  0.09/turn              (no ring)

@: no status effects
A: antennae 1, hooves 2
a: no special abilities


You were on level 4 of the Dungeon.
You were very hungry.

You visited 1 branch of the dungeon, and saw 4 of its levels.

You collected 36 gold pieces.

Inventory:

Hand Weapons
 a - a +0 long sword (weapon)
Missiles
 d - 3 throwing nets (quivered)
Armour
 b - a +0 leather armour (worn)
 c - a +0 helmet
 h - a +0 pair of boots (worn)
Wands
 j - a wand of scattershot (6)
Scrolls
 e - 3 scrolls of teleportation {unknown}
 g - a scroll of noise {unknown}
 i - a scroll of enchant weapon {unknown}
 l - a scroll of fog {unknown}
Potions
 k - a potion of lignification {unknown}
Comestibles
 f - 6 rations


   Skills:
 + Level 2.7 Fighting
 + Level 3.2 Long Blades
 + Level 2.4 Throwing
 + Level 3.2 Dodging


You had 3 spell levels left.
You didn't know any spells.
Your spell library was empty.

Dungeon Overview and Level Annotations

Branches:
Dungeon (4/15)
 Temple: D:4-7

Altars:


Innate Abilities, Weirdness & Mutations

You have a pair of small antennae on your head.
You have hoof-like feet.


Message History

The iguana is almost dead.
The iguana closely misses you.
You slash the iguana!
You kill the iguana!
You have reached level 4!
You feel agile.
Your demonic ancestry asserts itself...
Your feet thicken and deform.
You sense a monster nearby.
You are too injured to fight recklessly!
A slave comes into view.
The slave shouts!
You hear a shout! x4; You hear an angry hiss.
You are too injured to fight recklessly!
You are too injured to fight recklessly!
You are too injured to fight recklessly!
Found 8 gold pieces.
An ogre comes into view. It is wielding a +0 giant spiked club.
The ogre shouts!
The ogre hits you with a +0 giant spiked club!!
Ouch! That really hurt!
You die...

#.. #.. #.# #.#
#.# ## #<##.# #
#.#.# ##.# # ##
#..###..
#.#.########.##
#...#.#
#...O@......#.#
####..#
#...########.#
#..# #.. #.#
#..######..
#.#######
#..........
#.......#
#..#######.
#######.# #
#.........# ###
#.###
#..#######. ..#
#.... #.##
##...# #.#
#.###


You could see an ogre.

Vanquished Creatures
  An iguana (D:4)
  An adder (D:3)
  An ooze (D:3)
  2 orcs (D:3)
  5 goblins
  3 hobgoblins (D:1)
  6 jackals
  3 kobolds
  A ball python (D:3)
  A bat (D:3)
  2 frilled lizards
  5 rats
31 creatures vanquished.

Notes
Turn   | Place    | Note
-------+----------+-------------------------------------------
     0 | D:1      | BritishOli the Demonspawn Gladiator began the quest for the
                  | Orb.
     0 | D:1      | Reached XP level 1. HP: 16/16 MP: 1/1
   256 | D:1      | Gained mutation: You have a pair of small antennae on your
                  | head. [demonic ancestry]
   256 | D:1      | Reached XP level 2. HP: 21/22 MP: 2/2
   482 | D:2      | HP: 1/22 [gnoll/+0 halberd (17)]
   867 | D:3      | Gained mutation: You have large cloven feet. [demonic
                  | ancestry]
   867 | D:3      | Reached XP level 3. HP: 28/28 MP: 3/3
  1257 | D:4      | Gained mutation: You have hoof-like feet. [demonic
                  | ancestry]
  1257 | D:4      | Reached XP level 4. HP: 15/34 MP: 4/4
  1268 | D:4      | Noticed a slave
  1296 | D:4      | Noticed an ogre
  1299 | D:4      | Mangled by an ogre

Levels and vault maps discovered:
D:1:      moated_graveyard_arrival, layout_basic
D:2:      layout_basic, minmay_pentomino_s2
D:3:      layout_basic
D:4:      layout_loops_ring, bloody_makhleb, uniq_pikel, uniq_grinder

Skill      XL: |  1  2 |
---------------+-------+-----
Throwing       | 2 |  2.4
Dodging        | 3 |  3.2
Long Blades    | 3 |  3.2
Fighting       | |  2.7

Action                   |  1- 3 |  4- 6 || total
-------------------------+-------+-------++-------
Melee: Long sword        |    76 |       ||    76
  Use: Potion            |     1 |       ||     1
 Stab: Sleeping          |     1 |       ||     1
Armor: Leather armour    |    20 |       ||    20
Dodge: Dodged            |    71 |       ||    71
       Rpst.: Long sword |    26 |       ||    26

Table legend:
 A = Non-vault XP
 B = Vault XP
 C = Vault XP percentage of total XP
 D = Non-vault monster count
 E = Vault monster count
 F = Vault count percentage of total count
                 A         B        C        D         E       F
            +---------+---------+-------+---------+---------+-------
      Total |     104 |       0 |   0.0 |      31 |       0 |   0.0
            +---------+---------+-------+---------+---------+-------
        D:1 |      17 |       0 |   0.0 |      11 |       0 |   0.0
        D:2 |       9 |       0 |   0.0 |       5 |       0 |   0.0
        D:3 |      41 |       0 |   0.0 |      14 |       0 |   0.0
        D:4 |      37 |       0 |   0.0 |       1 |       0 |   0.0
            +---------+---------+-------+---------+---------+-------
